 Dungeon Crawl Stone Soup version 0.30-a0-219-gf2db51d15e (webtiles) character file.

Game seed: 10277059159046417653

87 BlueGoblin the Vexing (level 4, -3/32 HPs)
             Began as a Demonspawn Hexslinger on Oct 7, 2022.
             Killed from afar by Natasha (4 damage)
             ... with a magic dart
             ... on level 3 of the Dungeon.
             The game lasted 00:04:06 (1770 turns).

BlueGoblin the Vexing (Demonspawn Hexslinger)       Turns: 1770, Time: 00:04:09

Health: -3/32      AC:  3    Str: 10    XL:     4   Next: 28%
Magic:  6/6        EV: 12    Int: 16    God:
Gold:   105        SH:  0    Dex: 14    Spells: 5/6 levels left

rFire   . . .      SeeInvis .    a - +2 sling
rCold   . . .      Faith    .    (no shield)
rNeg    . . .      Spirit   .    c - +1 robe
rPois   .          Reflect  .    (helmet restricted)
rElec   .          Harm     .    (no cloak)
rCorr   .          Rampage  .    (no gloves)
Will    .....                    (no boots)
Stlth   +.........               (no amulet)
HPRegen 0.25/turn                (no ring)
MPRegen 0.10/turn                (no ring)

@: lethally poisoned (-3 -> -4)
A: antennae 1, spiny 1
a: no special abilities


You were on level 3 of the Dungeon.
You visited 1 branch of the dungeon, and saw 3 of its levels.

You collected 105 gold pieces.

Inventory:

Hand Weapons
 a - a +2 sling (weapon)
 j - a +0 dagger
Armour
 c - a +1 robe (worn)
 d - a +0 kite shield
Jewellery
 m - the amulet "Vusupn" {Faith Str+5 Int+7 Stlth-}
   (You found it on level 3 of the Dungeon)

   [amulet of faith]

   It allows you to gain divine favour quickly.
   Str:       It affects your strength (+5).
   Int:       It affects your intelligence (+7).
   Stlth:     It makes you less stealthy.
Scrolls
 b - a scroll of poison
 g - 2 scrolls of identify
 i - a scroll of teleportation
Potions
 e - 2 potions of magic
 k - a potion of cancellation


   Skills:
 + Level 1.2 Fighting
 + Level 2.5 Ranged Weapons
 + Level 1.8 Dodging
 + Level 1.7 Spellcasting
 * Level 4.2 Hexes


You had 5 spell levels left.
You knew the following spells:

 Your Spells              Type           Power      Damage    Failure   Level
a - Slow                  Hex            56%        N/A       3%          1

Your spell library contained the following spells:

 Spells                   Type           Power      Damage    Failure   Level
 Inner Flame              Hex/Fire       8%         N/A       26%         3
 Portal Projectile        Hex/Tloc       16%        N/A       26%         3
 Cause Fear               Hex            7%         N/A       36%         4
 Manifold Assault         Tloc           1%         N/A       91%         4
 Dispersal                Tloc           0%         N/A       100%        6
 Disjunction              Tloc           0%         N/A       100%        8


Dungeon Overview and Level Annotations

Branches:
Dungeon (3/15)

Altars:

Shops:
D:1 :

Annotations:
D:3 Natasha


Innate Abilities, Weirdness & Mutations

You have a pair of small antennae on your head.
You are partially covered in sharp spines.


Message History

The adder poisons you! Natasha casts a spell at you. The magic dart hits you.
Unknown command.
As you read the scroll labelled OLAPYFF JYROO, it crumbles to dust.
It is a scroll of enchant armour.
Your +0 robe glows green for a moment.
You feel sick.
The adder is no longer moving slowly.
The adder is struck by your spines.
You kill the adder!
As you read the scroll labelled DEDEAK ZOQYCH, it crumbles to dust.
It is a scroll of identify.
e - 2 potions of magic You feel sick.
The adder bites you but does no damage.
As you read the scroll labelled NAMOBBA JEACKU, it crumbles to dust.
It is a scroll of enchant weapon.
Your +1 sling glows red for a moment.
You feel sick. The adder bites you but does no damage.
As you read the scroll labelled ROPPUD FOJU, it crumbles to dust.
You feel strangely unstable.
It was a scroll of teleportation.
You feel sick. The adder is struck by your spines.
The adder closely misses you. Natasha is struck by your spines.
Natasha claws you!
* * * LOW HITPOINT WARNING * * *
As you read the scroll labelled TEOVVIY TITI, it crumbles to dust.
You hear a loud clanging noise!
It was a scroll of noise.
You feel sick.
You hear a shout!
The adder is struck by your spines. The adder bites you but does no damage.
The adder misses you. Natasha casts a spell at you. The magic dart hits you.
* * * LOW HITPOINT WARNING * * *
You are too injured to fight recklessly!
It was a potion of cancellation.
You feel strangely stable.
You feel magically purged.
* * * LOW HITPOINT WARNING * * *
You feel sick. The adder completely misses you. Natasha casts a spell at you.
The magic dart hits you.
You die...

#### ..# ..
#.#
....###.#####
#..5h.....#
#..##@###.# #
#S# #.######
..S.h..†#
#......#
....r####
######.# ....
#.# !## #.#
#.# #.# ...
#.#


You could see Natasha, an adder and a shadow imp (summoned).

Vanquished Creatures
  5 adders
  A dart slug (D:1)
  An endoplasm (D:3)
  3 giant cockroaches
  6 goblins
  6 hobgoblins
  A quokka (D:2)
  4 ball pythons
  2 bats
  3 frilled lizards
  6 kobolds
  3 rats
41 creatures vanquished.

Notes
Turn   | Place    | Note
-------+----------+-------------------------------------------
     0 | D:1      | BlueGoblin the Demonspawn Hexslinger began the quest for
                  | the Orb.
     0 | D:1      | Reached XP level 1. HP: 15/15 MP: 2/2
   236 | D:1      | Found Heiso's Book Emporium.
   370 | D:1      | Gained mutation: You are partially covered in sharp spines.
                  | [demonic ancestry]
   370 | D:1      | Reached XP level 2. HP: 21/21 MP: 0/3
   919 | D:2      | Gained mutation: You have a pair of small antennae on your
                  | head. [demonic ancestry]
   919 | D:2      | Reached XP level 3. HP: 22/26 MP: 4/4
  1122 | D:2      | Reached skill level 4 in Hexes
  1590 | D:3      | Reached XP level 4. HP: 21/32 MP: 2/6
  1654 | D:3      | Identified the +3 spear "Toghugim" {drain, Dex+4 Stlth+}
  1681 | D:3      | Identified the amulet "Vusupn" {Faith Str+5 Int+7 Stlth-}
  1747 | D:3      | Noticed Natasha
  1770 | D:3      | HP: 1/32 [poisoned by an adder]
  1770 | D:3      | Killed from afar by Natasha

Illustrated notes

Levels and vault maps discovered:
D:1:      tarquinn_simple_flora_water_e, layout_loops_ring, serial_shops,
          nicolae_shop_temple_entry_statues_fountains
D:2:      layout_basic
D:3:      layout_loops_cross, shapermc_ecumenical_altar_mp_urbaneastern,
          corner_web_ring, uniq_natasha, uniq_crazy_yiuf_cottage

Skill      XL: |  1  2  3 |
---------------+----------+-----
Ranged Weapons | 2 |  2.5
Hexes          | 4 |  4.2
Fighting       | |  1.2
Dodging        | |  1.8
Spellcasting   | |  1.7

Action                   |  1- 3 |  4- 6 || total
-------------------------+-------+-------++-------
 Fire: Sling             |   105 |    15 ||   120
 Cast: Slow              |    33 |     4 ||    37
  Use: Scroll            |       |     6 ||     6
       Potion            |       |     1 ||     1
Armor: Robe              |     6 |     3 ||     9
Dodge: Dodged            |    22 |     4 ||    26

Table legend: (Time is in decaauts)
 A = Elapsed time spent in this place.
 B = Non-inter-level travel time spent in this place.
 C = Inter-level travel time spent in this place.
 D = Time resting spent in this place.
 E = Time spent auto-exploring this place.
 F = Levels seen in this place.
 G = Mean time per level.
                   A        B        C        D        E       F      G
               +--------+--------+--------+--------+--------+-----+--------+
         Total |   1805 |   1683 |    122 |      0 |   1379 |   3 |  601.7 |
       Dungeon |   1805 |   1683 |    122 |      0 |   1379 |   3 |  601.7 |
               +--------+--------+--------+--------+--------+-----+--------+

Top non-repeatable levels by time:
     D:2: 819 daAuts
     D:1: 787 daAuts
     D:3: 199 daAuts
